 Dungeon Crawl Stone Soup version 0.24-a0-459-g225fefd530 (webtiles) character file.

Game seed: 8853170972453775801

187 Peloso the Slasher (level 5, -2/69 HPs)
             Began as a Minotaur Fighter on June 28, 2019.
             Slain by an orc
             ... wielding a +0 flail
              (4 damage)
             ... on level 3 of the Dungeon.
             The game lasted 00:04:26 (1694 turns).

Peloso the Slasher (Minotaur Fighter)               Turns: 1694, Time: 00:04:27

Health: -2/69      AC:  8    Str: 26    XL:     5   Next: 39%
Magic:  4/4        EV:  8    Int:  5    God:
Gold:   196        SH: 10    Dex: 10    Spells: 4/4 levels left

rFire    . . .     SeeInvis .   a - +0 long sword
rCold    . . .     Gourm    .   c - +0 shield
rNeg     . . .     Faith    .   b - +0 scale mail
rPois    .         Spirit   .   (helmet restricted)
rElec    .         Reflect  .   p - +0 cloak
rCorr    .         Harm     .   (no gloves)
MR       .....                  (no boots)
Stlth    ..........             (no amulet)
HPRegen  0.21/turn              (no ring)
MPRegen  0.09/turn              (no ring)

@: berserking, very quick
A: retaliatory headbutt, horns 2
a: no special abilities


You were on level 3 of the Dungeon.
You were not hungry.

You visited 1 branch of the dungeon, and saw 3 of its levels.

You collected 196 gold pieces.

Inventory:

Hand Weapons
 a - a +0 long sword (weapon)
Missiles
 t - 8 bolts
Armour
 b - a +0 scale mail (worn)
 c - a +0 shield (worn)
 p - a +0 cloak (worn)
Scrolls
 e - 3 scrolls of remove curse {unknown}
 h - 2 scrolls of fog {unknown}
 j - a scroll of magic mapping {unknown}
 k - a scroll of amnesia {unknown}
 n - 2 scrolls of teleportation {unknown}
 o - a scroll of enchant armour {unknown}
Potions
 d - a potion of might
 i - a potion of haste {unknown}
 l - a potion of mutation {unknown}
 m - a potion of heal wounds {unknown}
 q - a potion of cancellation {unknown}
 r - a potion of degeneration {unknown}
Comestibles
 f - 6 rations


   Skills:
 + Level 4.3 Fighting
 + Level 4.6 Long Blades
 + Level 4.5 Armour
 + Level 1.3 Dodging
 + Level 4.6 Shields


You had 4 spell levels left.
You didn't know any spells.
Your spell library was empty.

Dungeon Overview and Level Annotations

Branches:
Dungeon (3/15)

Altars:
Cheibriados
Hepliaklqana


Innate Abilities, Weirdness & Mutations

You reflexively headbutt those who attack you in melee.
You have a pair of horns on your head.


Message History

You slash the orc priest!
You kill the orc priest!
The orc hits you with a +0 hand axe.
* * * LOW HITPOINT WARNING * * *
The orc barely misses you. The orc hits you but does no damage. x2
Things that are here:
a +0 war axe; a +0 leather armour The orc throws a boomerang.
The boomerang hits you.
* * * LOW HITPOINT WARNING * * *
The weapon returns to the orc!
It was a potion of berserk rage.
A red film seems to cover your vision as you go berserk!
You feel yourself moving faster!
You feel mighty! You block the orc's attack.
The orc throws a boomerang.
You block the boomerang.
The weapon returns to the orc!
You closely miss the orc. Your headbutt misses the orc.
The orc is heavily wounded.
The orc hits you with a +0 flail.
You die...

##..........#
#######....## .#
#######....## #.#
............## #..#
.............## #..#
..............## #...#
..#####........###....#
..# #........o...#.#
..# #.......o)@....#
#........###.###
#......≈≈≈. #
#...##≈≈≈≈≈
#...#_≈≈w≈≈. ###
##≈≈≈≈≈. ##≈≈≈.# ###


You could see 2 orcs.

Vanquished Creatures
  An orc priest (D:3)
  7 adders
  4 oozes
  2 worms (D:3)
  A dart slug (D:1)
  4 leopard geckos
  3 orcs (D:3)
  2 giant cockroaches
  8 goblins
  6 hobgoblins
  7 jackals (D:2)
  3 kobolds
  5 bats
  6 frilled lizards
  9 rats
68 creatures vanquished.

Notes
Turn   | Place    | Note
-------+----------+-------------------------------------------
     0 | D:1      | Peloso the Minotaur Fighter began the quest for the Orb.
     0 | D:1      | Reached XP level 1. HP: 19/19 MP: 0/0
   147 | D:1      | Reached XP level 2. HP: 27/27 MP: 1/1
   369 | D:1      | Reached XP level 3. HP: 27/33 MP: 2/2
   573 | D:2      | Reached XP level 4. HP: 40/40 MP: 3/3
   889 | D:2      | Reached skill level 1 in Dodging
  1366 | D:3      | Reached XP level 5. HP: 46/46 MP: 4/4
  1541 | D:2      | Found a hazy altar of Hepliaklqana.
  1676 | D:3      | Found a snail-covered altar of Cheibriados.
  1690 | D:3      | HP: 2/46 [orc/+0 hand axe (4)]
  1694 | D:3      | Slain by an orc

Levels and vault maps discovered:
D:1:      wander_arrival_desolate, layout_basic
D:2:      layout_basic, nicolae_overflow_hidden_temple
D:3:      layout_basic, kennysheep_slug_shrine, ebering_dispersal_statue_hall,
          nemelex_lonely_heart_becter

Skill      XL: |  1  2  3  4 |
---------------+-------------+-----
Long Blades    | 3 4 |  4.6
Armour         | 4 |  4.5
Fighting       | 4 |  4.3
Shields        | 4 |  4.6
Dodging        | 1 |  1.3

Action                   |  1- 3 |  4- 6 || total
-------------------------+-------+-------++-------
Melee: Long sword        |    61 |   112 ||   173
       Headbutt          |    10 |    14 ||    24
  Use: Potion            |       |     1 ||     1
  Eat: Chunk             |       |     3 ||     3
Armor: Scale mail        |    40 |    53 ||    93
Dodge: Dodged            |    27 |    51 ||    78
Block: Shield            |    35 |    67 ||   102
       Rpst.: Long sword |     4 |    14 ||    18

Table legend:
 A = Non-vault XP
 B = Vault XP
 C = Vault XP percentage of total XP
 D = Non-vault monster count
 E = Vault monster count
 F = Vault count percentage of total count
                 A         B        C        D         E       F
            +---------+---------+-------+---------+---------+-------
      Total |     268 |       0 |   0.0 |      68 |       0 |   0.0
            +---------+---------+-------+---------+---------+-------
        D:1 |      46 |       0 |   0.0 |      19 |       0 |   0.0
        D:2 |     118 |       0 |   0.0 |      29 |       0 |   0.0
        D:3 |     104 |       0 |   0.0 |      20 |       0 |   0.0
            +---------+---------+-------+---------+---------+-------
